AoeStats
← chamblitas

Arabia

508415055Analyzed
1v1 RM · 10d ago on Sep 22, 2026· 33m 39s· 2 players
Game mode
Random Map
Map size
Tiny (2 player)
Population
200
Speed
Normal
Resources
Standard
Victory
Conquest
Starting age
Dark Age
Ending age
Imperial Age
RankedLock teamsTeams togetherTeam positionsShared explorationLock speedFull tech treeHidden civsTurbo modeCheats
Victory
Defeat
🇳🇴 Magyars · Norway
894
+15
🇨🇱 Turks · Chile
882
-15
chamblitas
8:19 Loom
10:31 Feudal Age
11:47 Double-Bit Axe
12:54 Horse Collar
14:23 Wheelbarrow
23:30 Castle Age
34:18 Imperial Age
Rømmern
2:25 Loom
9:48 Feudal Age
11:44 Double-Bit Axe
13:46 Bloodlines
20:52 Castle Age
21:05 Fletching
22:47 Gold Mining
22:47 Stone Mining
24:05 Stone Mining
33:32 Imperial Age
31:51 Ballistics
31:38 Padded Archer Armor
33:22 Wheelbarrow
33:14 Bodkin Arrow
Connection lost

Rejoining the realm…

Still unreachable

The connection could not be restored.

Session expired

The server has moved on; the page needs a fresh start.